 Dungeon Crawl Stone Soup version 0.18-a0-1157-g59db91b (webtiles) character file.

112 st0uf the Covered (level 4, -3/28 HPs)
             Began as a Tengu Fighter on Jan 23, 2016.
             Killed by divine providence
             ... invoked by an orc priest
              (11 damage)
             ... on level 3 of the Dungeon.
             The game lasted 00:04:52 (1581 turns).

st0uf the Covered (Tengu Fighter)                   Turns: 1581, Time: 00:04:53

Health: -3/28      AC:  7    Str: 16    XL:     4   Next: 93%
Magic:  5/5        EV:  8    Int:  8    God:
Gold:   51         SH:  9    Dex: 15    Spells: 0 memorised, 3 levels left

rFire  . . .     SeeInvis .     a - +0 long sword
rCold  . . .     Gourm    .     b - +0 scale mail
rNeg   . . .     Faith    .     c - +0 shield
rPois  .         Spirit   .     (helmet restricted)
rElec  .         Dismiss  .     (no cloak)
rCorr  .         Reflect  .     (no gloves)
SustAt .         Harm     .     (boots unavailable)
MR     .....                    (no amulet)
Stlth  ..........               (no ring)
                                (no ring)

@: not resistant to hostile enchantments, extremely unstealthy
A: beak, talons 3
a: no special abilities


You were on level 3 of the Dungeon.
You were hungry.

You visited 1 branch of the dungeon, and saw 3 of its levels.

You collected 51 gold pieces.

Inventory:

Hand Weapons
 a - a +0 long sword (weapon)
Armour
 b - a +0 scale mail (worn)
 c - a +0 shield (worn)
Scrolls
 j - a scroll of random uselessness {unknown}
 k - 4 scrolls of teleportation {unknown}
 m - a scroll of remove curse {unknown}
 p - a scroll of immolation {unknown}
 q - a scroll of fear {unknown}
Potions
 d - 2 potions of might
 e - a potion of agility {unknown}
 g - a potion of lignification {unknown}
 h - 2 potions of curing {unknown}
 i - a potion of mutation {unknown}
 n - a potion of poison {unknown}
 t - a potion of flight {unknown}
Books
 s - a book of the Dragon

   Spells                             Type                      Level
   a - Flame Tongue                   Conjuration/Fire             1
   b - Cause Fear                     Hexes                        4
   c - Bolt of Fire                   Conjuration/Fire             6
   d - Dragon Form                    Transmutation                7
   e - Dragon's Call                  Summoning                    9
Comestibles
 f - 4 bread rations
 l - 4 chunks of flesh
 o - 2 meat rations
 r - a slice of pizza


   Skills:
 + Level 3.5 Fighting
 + Level 2.9 Long Blades
 + Level 4.0 Armour
 + Level 1.5 Dodging
 + Level 3.8 Shields


You had 3 spell levels left.
You didn't know any spells.

Dungeon Overview and Level Annotations

Branches:
Dungeon (3/15)

Altars:
Dithmenos


Innate Abilities, Weirdness & Mutations

You have a beak for a mouth.
You have claws for feet.


Message History

* * * LOW HITPOINT WARNING * * *
You barely miss the orc priest.
The orc priest is almost dead.
You block the orc priest's attack. x2
You barely miss the orc priest.
The orc priest is almost dead.
You are feeling hungry.
The orc priest hits you but does no damage.
You hit the orc priest but do no damage.
You claw the orc priest.
The orc priest is almost dead.
The orc priest hits you but does no damage.
You hit the orc priest but do no damage.
Your peck misses the orc priest.
The orc priest is almost dead.
The orc priest calls upon Beogh to heal the orc priest.
The orc priest is healed somewhat.
The orc priest invokes the aid of Beogh against you.
Something smites you!
You die...

..........#
..........# .
..........# .##
.#........# ..#
.##.......# #o#
##.......#####
#o# #.#####.....#
#o# #.#####.###.#
#o#
#.##......#.###@#
#.##.##.#.......#
#.## #.###.#####
... ........# ###
#########


You could see 2 orc priests and 2 orcs.

Vanquished Creatures
  6 adders
  An ooze (D:2)
  A worm (D:2)
  A giant gecko (D:1)
  2 orcs (D:3)
  4 giant cockroaches
  8 hobgoblins
  2 kobolds (D:2)
  A ball python (D:2)
  4 bats
  3 giant newts
  10 goblins
  4 rats (D:1)
47 creatures vanquished.

Notes
Turn   | Place    | Note
--------------------------------------------------------------
     0 | D:1      | st0uf the Tengu Fighter began the quest for the Orb.
     0 | D:1      | Reached XP level 1. HP: 14/14 MP: 2/2
    71 | D:1      | Reached XP level 2. HP: 17/19 MP: 3/3
   479 | D:1      | Reached XP level 3. HP: 15/23 MP: 4/4
   909 | D:2      | Reached XP level 4. HP: 19/28 MP: 5/5
  1209 | D:2      | Reached skill level 1 in Dodging
  1222 | D:3      | Found a shadowy altar of Dithmenos.
  1358 | D:3      | Reached skill level 4 in Armour
  1581 | D:3      | Killed from afar by an orc priest

Vault maps used:
D:1:      lightli_arrival_farm
D:2:      minmay_misc_feat_hallway, st_stairs_9
D:3:      grunt_dithmenos_smoke_and_mirrors, first_bread

Action                   |  1- 3 |  4- 6 || total
-------------------------+-------+-------++-------
Melee: Long sword        |    94 |    57 ||   151
  Eat: Chunk             |       |     2 ||     2
